 Dungeon Crawl Stone Soup version 0.27.0-1-g7a089689b8 (webtiles) character file.

Game seed: 1525335518667249509

7363 SnakkuSnakku7 the Earth Mage (level 11, -10/86 HPs)
             Began as a Formicid Earth Elementalist on Aug 11, 2021.
             Was a Believer of Vehumet.
             Shot with an arrow by a centaur warrior (26 damage)
             ... on level 9 of the Dungeon.
             The game lasted 00:16:53 (8241 turns).

SnakkuSnakku7 the Earth Mage (FoEE)                 Turns: 8241, Time: 00:16:53

Health: -10/86     AC:  8    Str: 13    XL:     11   Next: 35%
Magic:  20/20      EV: 12    Int: 18    God:    Vehumet [**....]
Gold:   86         SH:  0    Dex: 17    Spells: 18/22 levels left

rFire    . . .     SeeInvis +   s - +4 dagger (drain)
rCold    . . .     Faith    +   (no shield)
rNeg     . . .     Spirit   .   b - +0 robe
rPois    .         Reflect  .   (helmet unavailable)
rElec    .         Harm     .   (no cloak)
rCorr    .         Rampage  .   u - +2 pair of gloves
Will     +....                  F - +2 pair of boots
Stlth    ++........             y - amulet of faith
HPRegen  0.24/turn              D - ring of wizardry
MPRegen  0.17/turn              p - +6 ring of dexterity

@: no status effects
A: permanent stasis, dig shafts and tunnels, antennae 3, four strong arms
a: Dig, Shaft Self, Renounce Religion


You were on level 9 of the Dungeon.
You worshipped Vehumet.
Vehumet was pleased with you.
You visited 2 branches of the dungeon, and saw 10 of its levels.
You also visited: Ossuary and Bailey.

You collected 606 gold pieces.
You spent 520 gold pieces at shops.

Inventory:

Hand Weapons
 s - a +4 dagger of draining (weapon)
Missiles
 c - 54 stones
Armour
 b - a +0 robe (worn)
 u - a +2 pair of gloves (worn)
 F - a +2 pair of boots (worn)
Jewellery
 e - an amulet of regeneration
 g - a +6 ring of strength
 p - a +6 ring of dexterity (right hand)
 x - a ring of fire
 y - an amulet of faith (around neck)
 D - a ring of wizardry (left hand)
Wands
 f - a wand of flame (18)
 n - a wand of iceblast (46)
 o - a wand of charming (8)
 w - a wand of paralysis (10)
 E - a wand of mindburst (9)
Scrolls
 a - a scroll of acquirement {unknown}
 j - 3 scrolls of amnesia
 k - 2 scrolls of enchant armour
 A - a scroll of holy word
 B - 2 scrolls of fog
Potions
 d - 6 potions of brilliance {unknown}
 h - 4 potions of heal wounds {unknown}
 i - a potion of cancellation
 l - a potion of haste {unknown}
 m - 3 potions of attraction {unknown}
 q - a potion of lignification {unknown}
 r - 2 potions of might
 t - a potion of degeneration {unknown}
 v - a potion of mutation
 z - 7 potions of curing {unknown}
 C - a potion of flight {unknown}


   Skills:
 + Level 8.0 Fighting
 - Level 1.7 Dodging
 - Level 2.4 Stealth
 - Level 6.0 Spellcasting
 - Level 5.0 Conjurations
 - Level 1.1 Transmutations
 - Level 15.0 Earth Magic


You had 18 spell levels left.
You knew the following spells:

 Your Spells              Type           Power      Damage    Failure   Level
a - Stone Arrow           Conj/Erth      82%        3d12      1%          3
b - Sandblast             Erth           100%       2d20      1%          1

Your spell library contained the following spells:

 Spells                   Type           Power      Damage    Failure   Level
 Searing Ray              Conj           46%        3d4       1%          2
 Passwall                 Tmut/Erth      28%        N/A       1%          2
 Petrify                  Tmut/Erth      34%        N/A       1%          4
 Lesser Beckoning         Tloc           2%         N/A       14%         3
 Cause Fear               Hex            2%         N/A       41%         4
 Manifold Assault         Tloc           5%         N/A       75%         5
 Invisibility             Hex            2%         N/A       99%         6
 Dragon Form              Tmut           4%         N/A       100%        7
 Dragon's Call            Summ           2%         N/A       100%        9
 Blink                    Tloc           Unusable   N/A       N/A         2
 Swiftness                Air            Unusable   N/A       N/A         3

Dungeon Overview and Level Annotations

Branches:
Dungeon (9/15)             Temple (1/1) D:6            Lair (0/6) D:8
Ossuary (visited)          Bailey (visited)
    Orc: D:9-12

Altars:
Ashenzari
Elyvilon
Kikubaaqudgha
Makhleb
Qazlal
Sif Muna
Trog
Uskayaw
Vehumet
Wu Jian
Zin
The Shining One

Shops:
D:3 [   D:8 =

Annotations:
D:4 2 runed translucent doors
D:5 Edmund


Innate Abilities, Weirdness & Mutations

You cannot be hasted, slowed, berserked, paralysed or teleported.
You can dig through walls and to a lower floor.
You have a pair of large antennae on your head. (SInv)
Your four strong arms can wield two-handed weapons with a shield.


Message History

You hear a shout!
A centaur warrior is nearby!
Unknown command.
You extend your mandibles.
You dig through the rock wall.
A centaur and a two-headed ogre come into view.
The centaur warrior shoots an arrow.
The arrow hits you!!
Found 51 gold pieces.
Found a shimmering blue altar of Sif Muna.
You retract your mandibles.
The centaur warrior shoots an arrow.
The arrow misses you.
You extend your mandibles.
You dig through the rock wall.
The centaur warrior shoots an arrow.
The arrow hits you!!
You dig through the rock wall.
You dig through the rock wall.
You retract your mandibles.
The centaur warrior shoots an arrow.
The arrow barely misses you.
The centaur wields a +0 shortbow.
The centaur shoots an arrow.
The arrow hits you!
The centaur warrior shoots an arrow.
The arrow hits you.
Things that are here:
a +1 whip of electrocution; a +0 robe; the kobold corpse of Pikel
Things that are here:
a +0 flail; a +0 scale mail
Things that are here:
a +0 trident; a +0 short sword; 2 boomerangs You extend your mandibles.
You dig through the rock wall.
The centaur shoots an arrow.
The arrow hits you.
The centaur shoots an arrow.
The arrow hits you. The two-headed ogre barely misses you.
The two-headed ogre hits you with a +0 giant club!
* * * LOW HITPOINT WARNING * * *
You retract your mandibles.
The centaur shoots an arrow.
The arrow misses you.
Things that are here:
a +1 whip of electrocution; a +0 robe; the kobold corpse of Pikel The centaur shoots an arrow.
The arrow hits you!
* * * LOW HITPOINT WARNING * * *
The centaur warrior shoots an arrow.
The arrow hits you!!
You die...

.......# #.......#........#
.......# ####.####......#########
#############..###.....[#.......#
.......)..c.............'........
.......#######cc##......#.......#
......#.)))..##.##......#.....≈.#
..)...#c####.##.O#......#...≈≈≈.#
......#)# #.###.#......#..≈≈≈..#
#'#...#.# #.# #@#...?..#<.......
#.......####+###..#######........
#...............#'##### #...≈....
#.....##..............# #........
#....<##..............###........
#.....##...............##..≈≈....
......##..............#.#........
#.....##..............##.....####
####.###.#####....#.#.###.##....#


You could see a centaur warrior, a two-headed ogre and a centaur.

Vanquished Creatures
  2 two-headed ogres
  Pikel (D:9)
  Prince Ribbit (D:5)
  2 hornets
  A wraith (Ossuary)
  2 yaks
  A wyvern (D:8)
  2 steam dragons
  Duvessa (D:5)
  3 black bears
  2 ice beasts
  10 orc warriors (Bailey)
  2 ogres (D:7)
  8 centaurs (Bailey)
  A lemure (D:9)
  A phantom (D:6)
  2 kobold brigands
  3 bullfrogs
  A gnoll sergeant (D:5)
  Dowan (D:5)
  2 scorpions
  A water moccasin skeleton (D:5)
  8 wights (D:8)
  3 hounds
  A bullfrog skeleton (D:6)
  A gnoll shaman (D:4)
  6 orc priests
  A centaur skeleton (D:5)
  2 iguanas
  6 orc wizards
  A killer bee zombie (D:5)
  A hound zombie (D:5)
  A mummy (Ossuary)
  8 gnolls
  3 adders
  4 white imps
  An ufetubus (D:3)
  An adder skeleton (D:4)
  An adder zombie (D:4)
  A worm (D:4)
  A dart slug (D:4)
  44 orcs
  5 bats
  8 endoplasms
  4 giant cockroaches
  6 goblins
  8 hobgoblins
  18 jackals
  2 quokkas
  2 ball pythons
  2 frilled lizards
  8 gnoll skeletons (Ossuary)
  16 kobolds
  4 kobold skeletons (Ossuary)
  13 orc skeletons (Ossuary)
  8 rats
249 creatures vanquished.

Notes
Turn   | Place    | Note
-------+----------+-------------------------------------------
     0 | D:1      | SnakkuSnakku7 the Formicid Earth Elementalist began the
                  | quest for the Orb.
     0 | D:1      | Reached XP level 1. HP: 13/13 MP: 3/3
    56 | D:1      | Reached skill level 4 in Earth Magic
    98 | D:1      | Reached XP level 2. HP: 8/19 MP: 1/5
   221 | D:1      | Found a faded altar of an unknown god.
   224 | D:1      | Noticed a shining eye
   508 | D:1      | Noticed a floating eye
   534 | D:1      | Noticed a shining eye
   537 | D:1      | Noticed an eye of devastation
   580 | D:1      | Reached XP level 3. HP: 17/24 MP: 6/6
   700 | D:1      | Reached skill level 5 in Earth Magic
  1362 | D:2      | Reached XP level 4. HP: 28/30 MP: 7/7
  1957 | D:3      | Reached skill level 6 in Earth Magic
  1998 | D:3      | Found Muilyon's Armour Shoppe.
  2368 | D:3      | Found a stormy altar of Qazlal.
  2507 | D:4      | Found a large runed translucent door.
  2507 | D:4      | Found a large runed translucent door.
  2519 | D:4      | Reached XP level 5. HP: 25/35 MP: 2/8
  2598 | D:4      | Reached skill level 7 in Earth Magic
  2640 | D:4      | Noticed a steam dragon
  2640 | D:4      | Noticed a bullfrog
  2646 | D:4      | Found a large runed translucent door.
  2646 | D:4      | Found a large runed translucent door.
  2676 | D:4      | Noticed a yak
  2713 | D:4      | Killed a yak
  2714 | D:4      | Reached skill level 8 in Earth Magic
  2714 | D:4      | Reached XP level 6. HP: 27/41 MP: 1/9
  2718 | D:4      | Learned a level 3 spell: Stone Arrow
  2784 | D:4      | Found a glowing golden altar of the Shining One.
  2912 | D:4      | Reached skill level 1 in Conjurations
  2913 | D:4      | Reached XP level 7. HP: 24/46 MP: 2/10
  3561 | D:4      | Killed a steam dragon
  3612 | D:5      | Entered Level 5 of the Dungeon
  3660 | D:5      | Found a sand-covered staircase.
  3665 | Ossuary  | Entered an ossuary
  3665 | Ossuary  | Noticed a wraith
  3665 | Ossuary  | Noticed a wraith
  3665 | Ossuary  | Noticed a wraith
  3805 | Ossuary  | Reached XP level 8. HP: 52/52 MP: 11/11
  3879 | Ossuary  | Noticed a wraith
  3948 | Ossuary  | Killed a wraith
  3949 | Ossuary  | Reached skill level 5 in Conjurations
  4216 | D:5      | Noticed Dowan
  4219 | D:5      | Noticed Duvessa
  4224 | D:5      | Killed Duvessa
  4225 | D:5      | Reached skill level 5 in Spellcasting
  4226 | D:5      | Killed Dowan
  4354 | D:5      | Noticed Edmund
  4358 | D:5      | Reached skill level 1 in Fighting
  4647 | D:5      | Noticed Prince Ribbit
  4654 | D:5      | Killed Prince Ribbit
  4655 | D:5      | Reached XP level 9. HP: 65/65 MP: 11/18
  4772 | D:6      | Found a staircase to the Ecumenical Temple.
  4781 | Temple   | Entered the Ecumenical Temple
  4801 | Temple   | Became a worshipper of Vehumet
  4843 | D:6      | Reached skill level 5 in Fighting
  5020 | D:6      | You fall into a shaft and drop 1 floor!
  5070 | D:7      | Reached skill level 9 in Earth Magic
  5082 | D:7      | Noticed a hornet
  5089 | D:7      | Killed a hornet
  5161 | D:7      | Found a flagged portal.
  5171 | D:7      | Reached skill level 10 in Earth Magic
  5181 | Bailey   | Entered a bailey
  5189 | Bailey   | Reached * piety under Vehumet
  5189 | Bailey   | Offered knowledge of Shock by Vehumet.
  5315 | Bailey   | Reached skill level 11 in Earth Magic
  5315 | Bailey   | Reached XP level 10. HP: 50/76 MP: 0/19
  5556 | Bailey   | Reached skill level 12 in Earth Magic
  5966 | Bailey   | Reached skill level 13 in Earth Magic
  6220 | D:7      | Reached ** piety under Vehumet
  6285 | D:7      | Offered knowledge of Magic Dart by Vehumet.
  6309 | D:7      | Found a glowing silver altar of Zin.
  6309 | D:7      | Found a burning altar of Makhleb.
  6315 | D:7      | Found a white marble altar of Elyvilon.
  6329 | D:7      | Found an ancient bone altar of Kikubaaqudgha.
  6967 | D:8      | Noticed a two-headed ogre
  6972 | D:8      | Killed a two-headed ogre
  6973 | D:8      | Reached skill level 14 in Earth Magic
  6974 | D:8      | Found an ornate altar of the Wu Jian Council.
  7030 | D:8      | Reached XP level 11. HP: 81/81 MP: 16/20
  7078 | D:8      | Found a staircase to the Lair.
  7310 | D:8      | Found Kuush's Jewellery Boutique.
  7313 | D:8      | Bought an amulet of faith for 520 gold pieces
  7647 | D:9      | Noticed a two-headed ogre
  7655 | D:9      | Reached skill level 15 in Earth Magic
  7690 | D:9      | Killed a two-headed ogre
  7697 | D:9      | Offered knowledge of Searing Ray by Vehumet.
  8021 | D:9      | Noticed Pikel
  8044 | D:9      | Killed Pikel
  8191 | D:9      | Noticed a centaur warrior
  8193 | D:9      | Found a shimmering blue altar of Sif Muna.
  8193 | D:9      | Noticed a two-headed ogre
  8241 | D:9      | Shot with an arrow by a centaur warrior

Illustrated notes

Levels and vault maps discovered:
D:1:      ncdulo_smallfort, layout_loops_ring,
          hellmonk_ecumenical_altar_watching_god, corner_web_ring,
          minmay_misc_feat_square
D:2:      layout_loops_ring, kennysheep_generic_room_5
D:3:      layout_loops_ring, lemuel_round_altar, serial_shops,
          nicolae_square_shop
D:4:      layout_cave_pods, tso_metal_star, minmay_hollow_rounded_squares
D:5:      layout_basic, enter_ossuary_2, hangedman_abyss_or_decor_lesser_grid,
          uniq_edmund, uniq_prince_ribbit1, uniq_duvessa
D:6:      layout_loops_ring, temple_hall
D:7:      layout_rooms, grunt_temple_overflow_cloverleaf, enter_bailey_6
D:8:      layout_loops_ring, nicolae_wu_jian_wuxing_cycle, david_lair_generic,
          serial_shops, nicolae_shop_behind_doors
D:9:      layout_basic, amcnicky_altar_gilded, uniq_pikel
Temple:   oiseaux_autumnal_temple

Skill      XL: |  1  2  3  4  5  6  7  8  9 10 11 |
---------------+----------------------------------+-----
Earth Magic    | 4 5 6 8 11 14 15 | 15.0
Conjurations   | 1 4 5 |  5.0
Spellcasting   | 6 |  6.0
Fighting       | 4 5 8 |  8.0
Dodging        | |  1.7
Stealth        | |  2.4
Transmutations | |  1.1

Action                   |  1- 3 |  4- 6 |  7- 9 | 10-12 || total
-------------------------+-------+-------+-------+-------++-------
Melee: Unarmed           |    20 |       |       |       ||    20
       Short sword       |   115 |    80 |       |       ||   195
       Dagger            |       |    34 |   247 |    47 ||   328
 Cast: Sandblast         |    21 |    29 |   129 |   101 ||   280
       Stone Arrow       |       |     3 |     8 |    25 ||    36
 Abil: Dig               |     1 |       |     1 |     3 ||     5
  Use: Scroll            |       |       |    13 |     2 ||    15
 Stab: Sleeping          |     2 |     3 |     1 |     2 ||     8
Armor: Robe              |    34 |    31 |   102 |    24 ||   191
Dodge: Dodged            |   115 |    84 |   222 |    74 ||   495
